 Dungeon Crawl Stone Soup version 0.31-a0-868-g674d60d6f7 (webtiles) character file.

Game seed: 17073092952266269155

716 croobank the Covert (level 7, -5/50 HPs)
             Began as an Octopode Delver on Oct 12, 2023.
             Was an Initiate of Ashenzari.
             Slain by Menkaure (25 damage)
             ... on level 6 of the Dungeon.
             The game lasted 00:15:38 (5317 turns).

croobank the Covert (Octopode Delver)               Turns: 5317, Time: 00:15:39

Health: -5/50      AC:  1    Str: 11    XL:     7   Next: 69%
Magic:  10/10      EV: 14    Int: 14    God:    Ashenzari [......]
Gold:   227        SH:  0    Dex: 14    Spells: 7/10 levels left

rFire   . . .        a - +2 short sword
rCold   . . .        (no shield)
rNeg    . . .        (helmet restricted)
rPois   .            s - amulet of Toth-Mos's Legacy {RegenMP, Comp, Self} (curse)
rElec   .            (no ring)
rCorr   .            (no ring)
SInv    .            (no ring)
Will    .....        (no ring)
Stlth   +++++        (no ring)
HPRegen 0.28/turn    (no ring)
MPRegen 0.52/turn    (no ring)
                     (no ring)

%: no passive effects
@: no status effects
A: almost no armour, amphibious, 8 rings, camouflage 1, gelatinous body 1,
(nimble swimmer 1), tentacles
a: Renounce Religion, Curse Item, Shatter the Chains


You were on level 6 of the Dungeon.
You worshipped Ashenzari.
Ashenzari was noncommittal.
You visited 2 branches of the dungeon, and saw 7 of its levels.

You collected 307 gold pieces.
You spent 80 gold pieces at shops.

Inventory:

Hand Weapons
 a - a +2 short sword (weapon)
 i - a +0 war axe
 m - a +0 dagger
 o - a +2 hand axe of electrocution
 q - a +0 trident
 u - a +2 flail of pain
Missiles
 e - 5 poisoned darts (quivered)
Armour
 p - a +1 tower shield
Magical Staves
 j - a staff of cold
 w - a staff of fire
Jewellery
 r - a ring of protection from fire
 s - the cursed amulet of Toth-Mos's Legacy (around mantle) {RegenMP, Comp, Self}
   (You found it on level 3 of the Dungeon)

   [amulet of magic regeneration]

   RegenMP:   It increases your rate of magic regeneration.
   It has a curse which improves the following skills: Companions: Summonings
   and Necromancy.
   Introspection: Fighting and Spellcasting.
Wands
 f - a wand of digging (3)
Scrolls
 b - a scroll of fog
 c - 2 scrolls of revelation
 d - 2 scrolls of fear
 n - a scroll of amnesia
 v - a scroll of teleportation
 x - 2 scrolls of identify
 y - a scroll of vulnerability {unknown}
Potions
 g - 3 potions of enlightenment
 h - 2 potions of cancellation
 k - 2 potions of experience {unknown}
 l - a potion of ambrosia {unknown}
 t - a potion of brilliance {unknown}


   Skills:
 * Level 4.7(5.1) Fighting
 * Level 4.1 Short Blades
 * Level 4.1 Dodging
 * Level 8.3 Stealth
 * Level 2.0(2.3) Spellcasting
 + Level 1.4(1.7) Summonings
 + Level 1.4(1.7) Necromancy


You had 7 spell levels left.
You knew the following spells:

 Your Spells              Type           Power      Damage    Failure   Level
a - Ozocubu's Armour      Ice            1%         N/A       56%         3

Your spell library contained the following spells:

 Spells                   Type           Power      Damage    Failure   Level
 Cigotuvi's Dreadful Rot  Necr/Pois/Air  6%         N/A       28%         2
 Ignite Poison            Fire/Tmut/Pois 1%         N/A       56%         3
 Freezing Cloud           Conj/Ice/Air   0%         6-21      100%        5
 Metabolic Englaciation   Hex/Ice        0%         N/A       100%        5
 Simulacrum               Ice/Necr       2%         N/A       100%        6


Dungeon Overview and Level Annotations

Branches:
Dungeon (6/15)             Temple (1/1) D:5

Altars:
Ashenzari
Cheibriados
Dithmenos
Fedhas
Gozag
Hepliaklqana
Kikubaaqudgha
Makhleb
Okawaru
Ru
Sif Muna
Trog
Uskayaw
Vehumet
Wu Jian
Yredelemnul
Zin

Shops:
D:4 ?

Annotations:
D:3 exclusion: statue
D:4 3 runed translucent doors, dragonking145's ghost, amateur GrFi
D:6 Menkaure


Innate Abilities, Weirdness & Mutations

You cannot wear most types of armour.
You are amphibious.
You can wear up to eight rings at the same time.
Your skin changes colour to match your surroundings (Stealth+).
Your rubbery body absorbs attacks. (AC +1, EV +1)
((You are camouflaged when in or above water. (Stealth+)))
You have tentacles for arms and can constrict up to eight enemies at once.


Message History

An orc comes into view. It is wielding a +0 club.
An orc is nearby!
An orc comes into view. It is wielding a +0 club.
Found a potion of enlightenment.
Found 5 gold pieces and a great mace.
You now have 189 gold pieces (gained 5).
You see here a +0 great mace.
Found 29 gold pieces.
You now have 218 gold pieces (gained 29).
g - 3 potions of enlightenment (gained 1) Menkaure, Prince of Dust comes into view.
Found 9 gold pieces.
You now have 227 gold pieces (gained 9).
Okay, then.
You hit Menkaure but do no damage. Your grab misses Menkaure.
You squeeze Menkaure, but do no damage. Menkaure hits you!!
You hit Menkaure. You grab Menkaure.
Menkaure is lightly damaged.
You constrict Menkaure, but do no damage.
You hit Menkaure but do no damage. Your squeeze misses Menkaure.
Menkaure is lightly damaged.
You constrict Menkaure. Menkaure barely misses you.
You hit Menkaure.
Menkaure is moderately damaged.
You constrict Menkaure. You hit Menkaure.
Menkaure is heavily damaged.
You constrict Menkaure.
Menkaure casts a spell.
Menkaure seems to speed up.
You hit Menkaure.
Menkaure is severely damaged.
You constrict Menkaure.
Menkaure calls on the powers of darkness!
Your body is wracked with pain!
* * * LOW HITPOINT WARNING * * *
Okay, then.
You feel better.
You constrict Menkaure. Menkaure hits you!!
Ouch! That really hurt!
You die...

##.#####.# #..#.....#
#.##.....########
#.##............#
#.##.##########.#
#.##..........#.#
#.#####.......#.#
#......#......#M#####
#.#....##.....#.@...#
#.#....##.....#####.#
#.#....#####.#####..#
###....# #.......##
..######## #####.###
#.#....<.# #.#
..#......# #.#
.##......# #.#
.##......# #.#


You could see Menkaure (fast).

Vanquished Creatures
  A steam dragon (D:5)
  An ogre (D:6)
  A kobold brigand (D:5)
  A phantom (D:5)
  2 hounds
  A jelly (D:5)
  Terence (D:2)
  An iguana (D:5)
  An orc wizard (D:3)
  8 adders
  An ufetubus (D:5)
  2 dart slugs (D:3)
  17 orcs
  5 bats
  5 endoplasms
  4 giant cockroaches
  8 goblins
  10 hobgoblins
  5 jackals
  10 kobolds
  4 quokkas
  10 ball pythons
  3 frilled lizards
  7 rats
109 creatures vanquished.

Notes
Turn   | Place    | Note
-------+----------+-------------------------------------------
     0 | D:5      | croobank the Octopode Delver began the quest for the Orb.
     0 | D:5      | Reached XP level 1. HP: 16/16 MP: 1/1
     6 | D:6      | Noticed an ogre
    12 | D:6      | Reached XP level 2. HP: 21/21 MP: 2/2
    49 | D:5      | Found a hide-covered altar of Uskayaw.
    51 | D:5      | Found an ornate altar of the Wu Jian Council.
    51 | D:5      | Found an opulent altar of Gozag.
    51 | D:5      | Found a broken altar of Ashenzari.
    57 | D:5      | Found a burning altar of Makhleb.
    63 | D:5      | Found an ancient bone altar of Kikubaaqudgha.
    72 | D:5      | Became a worshipper of Ashenzari the Shackled
   266 | D:3      | Reached XP level 3. HP: 22/26 MP: 3/3
   294 | D:3      | Reached skill level 7 in Stealth
   909 | D:1      | Reached XP level 4. HP: 31/31 MP: 4/4
  1546 | D:2      | Noticed Terence
  1551 | D:2      | Killed Terence
  1785 | D:2      | Reached XP level 5. HP: 37/37 MP: 5/5
  2022 | D:2      | Learned a level 3 spell: Ozocubu's Armour
  2596 | D:3      | Found a radiant altar of Vehumet.
  2601 | D:3      | Noticed a charred statue
  3163 | D:4      | Found a snail-covered altar of Cheibriados.
  3217 | D:3      | Reached XP level 6. HP: 16/44 MP: 5/7
  3475 | D:4      | Found Riudwed's Magic Scroll Shop.
  3478 | D:4      | Bought a scroll of fear for 40 gold pieces
  3478 | D:4      | Bought a scroll of identify for 20 gold pieces
  3478 | D:4      | Bought a scroll of identify for 20 gold pieces
  3553 | D:4      | Found a runed translucent gate.
  3553 | D:4      | Found a runed translucent gate.
  3553 | D:4      | Found a runed translucent gate.
  3557 | D:4      | Noticed dragonking145's ghost (amateur GrFi)
  3746 | D:5      | Found a staircase to the Ecumenical Temple.
  3790 | D:5      | Reached skill level 1 in Spellcasting
  3808 | Temple   | Entered the Ecumenical Temple
  4085 | D:5      | Reached skill level 8 in Stealth
  4085 | D:5      | Reached skill level 1 in Summonings
  4085 | D:5      | Reached skill level 1 in Necromancy
  4085 | D:5      | Reached XP level 7. HP: 18/49 MP: 9/9
  4614 | D:5      | Found a shimmering blue altar of Sif Muna.
  4703 | D:5      | Noticed a steam dragon
  4710 | D:5      | Killed a steam dragon
  5290 | D:6      | Noticed Menkaure
  5317 | D:6      | Slain by Menkaure

Illustrated notes

Levels and vault maps discovered:
D:1:      sevenhm_arrival_forest_fort_large_2, layout_basic, minmay_misc_feat_x,
          chequers_serial_rivers_small_3
D:2:      layout_rooms, serial_co_window_serial, co_window_paths_a,
          co_window_paths_a, co_window_paths_b, co_window_of_opportunity_a,
          co_window_paths_a, co_window_unsneaky_path_e,
          co_window_of_opportunity_b, co_window_broadway_c, co_window_paths_c,
          glass_columns_b, glass_columns_b, glass_columns_c, glass_columns_a,
          glass_columns_b, kennysheep_generic_room_6, uniq_terence
D:3:      layout_loops_cross, vehumet_statue
D:4:      layout_cave_pools, kennysheep_little_box,
          gammafunk_ghost_nasty_kobolds, serial_shops, nicolae_shop_rolled_up
D:5:      layout_gridville, minmay_overflow_temple_hex,
          nicolae_sif_muna_condensation, minmay_temple_entry_stoned_glass
D:6:      layout_basic, mainiacjoe_overflow_brackets,
          mainiacjoe_overflow_large_starburst, serial_co_window_serial,
          co_window_paths_a, co_window_paths_a, co_window_corner_a,
          co_window_of_opportunity_a, co_window_paths_b, co_window_paths_c,
          co_window_cross_3, co_window_corner_b, co_window_corner_b,
          co_window_corner_b, co_window_corner_b, co_window_of_opportunity_b,
          co_window_paths_e, glass_columns_a, uniq_menkaure
Temple:   nicolae_temple_superstar

Skill      XL: |  1  2  3  4  5  6  7 |
---------------+----------------------+-----
Stealth        | 7 8 |  8.3
Dodging        | 3 4 |  4.1
Short Blades   | 3 4 |  4.1
Fighting       | 4 |  4.7
Spellcasting   | 1 2 |  2.0
Summonings     | 1 |  1.4
Necromancy     | 1 |  1.4

Action                     |  1- 3 |  4- 6 |  7- 9 || total
---------------------------+-------+-------+-------++-------
  Melee: Short sword       |    49 |   207 |    25 ||   281
         Constrict         |    13 |    28 |     3 ||    44
         Tentacles         |     7 |    29 |     6 ||    42
         Punch             |     1 |     2 |       ||     3
  Throw: Dart              |       |       |     4 ||     4
   Cast: Ozocubu's Armour  |       |     1 |       ||     1
 Invoke: Curse Item        |       |     1 |       ||     1
    Use: Potion            |     1 |     3 |     1 ||     5
         Scroll            |       |    11 |       ||    11
   Stab: Sleeping          |     3 |    23 |     5 ||    31
         Distracted        |       |     3 |       ||     3
 Armour: Skin              |    22 |    98 |     9 ||   129
  Dodge: Dodged            |    35 |    96 |     5 ||   136

Table legend: (Time is in decaauts)
 A = Elapsed time spent in this place.
 B = Non-inter-level travel time spent in this place.
 C = Inter-level travel time spent in this place.
 D = Time resting spent in this place.
 E = Time spent auto-exploring this place.
 F = Levels seen in this place.
 G = Mean time per level.
                   A        B        C        D        E       F      G
               +--------+--------+--------+--------+--------+-----+--------+
         Total |   5264 |   5100 |    164 |   1552 |   2389 |   7 |  752.0 |
       Dungeon |   5004 |   4840 |    164 |   1313 |   2389 |   6 |  834.0 |
        Temple |    260 |    260 |      0 |    239 |      0 |   1 |  260.0 |
               +--------+--------+--------+--------+--------+-----+--------+

Top non-repeatable levels by time:
     D:5: 1338 daAuts
     D:2: 1176 daAuts
     D:3: 928 daAuts
     D:1: 682 daAuts
     D:4: 579 daAuts
     D:6: 298 daAuts
  Temple: 260 daAuts
